 Dungeon Crawl Stone Soup version 0.25-a0-23-gdc1bd94 (webtiles) character file.

Game seed: 588357274574034897, levelgen mode: deterministic

133 Faca the Gusty (level 5, -12/37 HPs)
             Began as a Gnoll Air Elementalist on Oct 16, 2019.
             Was an Initiate of Vehumet.
             Killed by divine providence
             ... invoked by an orc priest
              (13 damage)
             ... on level 3 of the Dungeon.
             The game lasted 00:10:26 (3368 turns).

Faca the Gusty (Gnoll Air Elementalist)             Turns: 3368, Time: 00:10:26

Health: -12/37     AC:  3    Str: 14    XL:     5   Next: 16%
Magic:  1/12       EV: 15    Int: 18    God:    Vehumet [......]
Gold:   223        SH:  0    Dex: 15    Spells: 13/14 levels left

rFire    . . .     SeeInvis .   x - +2 dagger (speed)
rCold    . . .     Gourm    .   (no shield)
rNeg     . . .     Faith    .   a - +0 robe
rPois    .         Spirit   .   (no helmet)
rElec    .         Reflect  .   w - scarf {cloud immunity}
rCorr    .         Harm     .   k - +0 pair of gloves {Str+3}
MR       .....                  (no boots)
Stlth    +++.......             (no amulet)
HPRegen  0.12/turn              (no ring)
MPRegen  0.13/turn              (no ring)

@: very slightly contaminated
A: distributed training, fangs 1, strong nose
a: Renounce Religion


You were on level 3 of the Dungeon.
You worshipped Vehumet.
Vehumet was noncommittal.
You were hungry.

You visited 1 branch of the dungeon, and saw 4 of its levels.

You collected 223 gold pieces.

Inventory:

Hand Weapons
 x - a +2 dagger of speed (weapon)
Missiles
 h - 28 poisoned darts (quivered)
 i - 2 throwing nets
Armour
 a - a +0 robe (worn)
 k - a +0 pair of gloves of strength (worn)
 w - a scarf of cloud immunity (worn)
Scrolls
 n - 2 scrolls of amnesia
 s - a scroll of remove curse
Potions
 d - a potion of degeneration {unknown}
 e - a potion of magic {unknown}
 f - 3 potions of heal wounds {unknown}
 g - a potion of lignification
 p - 2 potions of flight {unknown}
 q - 3 potions of curing {unknown}
 r - a potion of agility {unknown}
Comestibles
 c - 8 rations


   Skills:
 + Level 1.3 Fighting
 + Level 1.3 Short Blades
 + Level 1.3 Long Blades
 + Level 1.3 Axes
 + Level 1.3 Maces & Flails
 + Level 1.3 Polearms
 + Level 1.3 Staves
 + Level 1.3 Slings
 + Level 1.3 Bows
 + Level 1.3 Crossbows
 + Level 1.3 Throwing
 + Level 1.3 Armour
 + Level 4.7 Dodging
 + Level 4.3 Stealth
 + Level 1.3 Shields
 + Level 1.3 Unarmed Combat
 + Level 5.1 Spellcasting
 + Level 2.3 Conjurations
 + Level 1.1 Hexes
 + Level 1.1 Charms
 + Level 1.1 Summonings
 + Level 1.1 Necromancy
 + Level 1.1 Translocations
 + Level 1.1 Transmutations
 + Level 1.1 Fire Magic
 + Level 1.1 Ice Magic
 + Level 5.5 Air Magic
 + Level 1.1 Earth Magic
 + Level 1.1 Poison Magic
 + Level 1.5 Invocations
 + Level 1.3 Evocations


You had 13 spell levels left.
You knew the following spells:

 Your Spells              Type           Power        Failure   Level  Hunger
a - Shock                 Conj/Air       ###.         2%          1    None

Your spell library contained the following spells:

 Spells                   Type           Power        Failure   Level  Hunger
 Swiftness                Chrm/Air       ###.....     4%          2    #......
 Static Discharge         Conj/Air       ###.....     8%          3    ##.....
 Airstrike                Air            ###.......   14%         4    ####...
 Lightning Bolt           Conj/Air       ###.......   58%         5    ######.


Dungeon Overview and Level Annotations

Branches:
Dungeon (4/15)
 Temple: D:4-7

Altars:
Hepliaklqana
Kikubaaqudgha
Makhleb
Vehumet
Wu Jian


Innate Abilities, Weirdness & Mutations

Your experience applies equally to all skills.
You have very sharp teeth.
Your uncanny sense of smell can sniff out nearby items.


Message History

The zap misses the orc priest. x2; The orc priest misses you.
Unknown command.
You barely miss the orc priest.
The orc priest is moderately wounded.
You hit the orc priest.
The orc priest is severely wounded.
The orc priest closely misses you.
You closely miss the orc priest. Your bite misses the orc priest.
The orc priest is severely wounded.
You hit the orc priest but do no damage.
Your bite misses the orc priest.
The orc priest is severely wounded.
The orc priest mumbles some strange prayers to Beogh against you.
Beogh smites you!
* * * LOW HITPOINT WARNING * * *
You hit the orc priest. You bite the orc priest.
The orc priest is almost dead.
The orc priest calls down the wrath of Beogh upon you.
Beogh smites you!
You die...

#...........# ##...# ##...
####.#####..# #....####....
#....#####..#########........._..
.........<...............#.#....#
####.#####.....#######...#.#...##
#...........# #.###.###.#
#...)...)...# #†# #.....#
#.#####.....#######.#######.#
###### #.....o@......##.####.#
#_# ##....##########......# #.#
##.#.# #.###### #.### ###.# #.#
.).≈##########.# ##.##
...≈#..........# ##.#.######
...≈#.########## #.###......
...≈#.# ##.#.###### ...≈#.#
##.###.)..


You could see an orc priest.

Vanquished Creatures
  An orc wizard (D:3)
  4 adders
  4 leopard geckos
  8 orcs
  4 bats
  A bat zombie (D:3)
  2 giant cockroaches
  3 goblins
  8 hobgoblins
  2 jackals
  A quokka (D:2)
  6 frilled lizards
  6 kobolds
  8 rats
  4 rat zombies (D:3)
62 creatures vanquished.

Notes
Turn   | Place    | Note
-------+----------+-------------------------------------------
     0 | D:1      | Faca the Gnoll Air Elementalist began the quest for the
                  | Orb.
     0 | D:1      | Reached XP level 1. HP: 13/13 MP: 6/6
   259 | D:1      | Reached XP level 2. HP: 19/19 MP: 7/7
  1194 | D:2      | Reached skill level 5 in Spellcasting
  1194 | D:2      | Reached XP level 3. HP: 23/25 MP: 7/9
  1290 | D:2      | Reached skill level 1 in Invocations
  1503 | D:2      | Reached skill level 1 in Fighting
  1503 | D:2      | Reached skill level 1 in Short Blades
  1503 | D:2      | Reached skill level 1 in Long Blades
  1503 | D:2      | Reached skill level 1 in Axes
  1503 | D:2      | Reached skill level 1 in Maces & Flails
  1503 | D:2      | Reached skill level 1 in Polearms
  1503 | D:2      | Reached skill level 1 in Staves
  1503 | D:2      | Reached skill level 1 in Slings
  1503 | D:2      | Reached skill level 1 in Bows
  1503 | D:2      | Reached skill level 1 in Crossbows
  1503 | D:2      | Reached skill level 1 in Throwing
  1503 | D:2      | Reached skill level 1 in Armour
  1503 | D:2      | Reached skill level 1 in Shields
  1503 | D:2      | Reached skill level 1 in Unarmed Combat
  1503 | D:2      | Reached skill level 1 in Evocations
  1503 | D:2      | Reached XP level 4. HP: 27/32 MP: 11/11
  1625 | D:2      | Found a burning altar of Makhleb.
  1731 | D:2      | Found a hazy altar of Hepliaklqana.
  2170 | D:3      | Found an ancient bone altar of Kikubaaqudgha.
  2452 | D:3      | Reached skill level 1 in Hexes
  2452 | D:3      | Reached skill level 1 in Charms
  2452 | D:3      | Reached skill level 1 in Summonings
  2452 | D:3      | Reached skill level 1 in Necromancy
  2452 | D:3      | Reached skill level 1 in Translocations
  2452 | D:3      | Reached skill level 1 in Transmutations
  2452 | D:3      | Reached skill level 1 in Fire Magic
  2452 | D:3      | Reached skill level 1 in Ice Magic
  2452 | D:3      | Reached skill level 1 in Earth Magic
  2452 | D:3      | Reached skill level 1 in Poison Magic
  2452 | D:3      | Reached XP level 5. HP: 16/37 MP: 5/12
  2698 | D:3      | Found a radiant altar of Vehumet.
  2767 | D:3      | Became a worshipper of Vehumet
  2976 | D:3      | Found an ornate altar of the Wu Jian Council.
  3367 | D:3      | HP: 1/37 [orc priest/divine providence (12)]
  3368 | D:3      | Killed from afar by an orc priest

Levels and vault maps discovered:
D:1:      noname_arrival_rooms_in_the_neighbourhood, layout_basic,
          minmay_octomino_c4
D:2:      layout_loops_ring, lemuel_crystal_altar, lemuel_doored_altar
D:3:      layout_loops_ring, nicolae_overflow_crystal_walls, marbit_many_paths,
          lemuel_zombie_altar_kikubaaqudgha
D:4:      layout_rooms

Skill      XL: |  1  2  3  4 |
---------------+-------------+-----
Conjurations   | 2 |  2.3
Spellcasting   | 5 |  5.1
Invocations    | 1 |  1.5
Fighting       | 1 |  1.3
Short Blades   | 1 |  1.3
Long Blades    | 1 |  1.3
Axes           | 1 |  1.3
Maces & Flails | 1 |  1.3
Polearms       | 1 |  1.3
Staves         | 1 |  1.3
Slings         | 1 |  1.3
Bows           | 1 |  1.3
Crossbows      | 1 |  1.3
Throwing       | 1 |  1.3
Armour         | 1 |  1.3
Shields        | 1 |  1.3
Unarmed Combat | 1 |  1.3
Evocations     | 1 |  1.3
Hexes          | 1 |  1.1
Charms         | 1 |  1.1
Summonings     | 1 |  1.1
Necromancy     | 1 |  1.1
Translocations | 1 |  1.1
Transmutations | 1 |  1.1
Fire Magic     | 1 |  1.1
Ice Magic      | 1 |  1.1
Earth Magic    | 1 |  1.1
Poison Magic   | 1 |  1.1
Dodging        | |  4.7
Stealth        | |  4.3
Air Magic      | |  5.5

Action                   |  1- 3 |  4- 6 || total
-------------------------+-------+-------++-------
Melee: Dagger            |    81 |   106 ||   187
       Bite              |    12 |     8 ||    20
 Cast: Shock             |    13 |    26 ||    39
  Use: Scroll            |       |     7 ||     7
 Stab: Sleeping          |     7 |     7 ||    14
  Eat: Chunk             |     2 |     5 ||     7
Armor: Robe              |    17 |    26 ||    43
Dodge: Dodged            |    58 |    76 ||   134

Table legend:
 A = Non-vault XP
 B = Vault XP
 C = Vault XP percentage of total XP
 D = Non-vault monster count
 E = Vault monster count
 F = Vault count percentage of total count
                 A         B        C        D         E       F
            +---------+---------+-------+---------+---------+-------
      Total |     170 |      21 |  11.0 |      49 |      13 |  21.0
            +---------+---------+-------+---------+---------+-------
        D:1 |      12 |      13 |  52.0 |       7 |       7 |  50.0
        D:2 |      67 |       0 |   0.0 |      19 |       0 |   0.0
        D:3 |      77 |       8 |   9.4 |      18 |       6 |  25.0
        D:4 |      14 |       0 |   0.0 |       5 |       0 |   0.0
            +---------+---------+-------+---------+---------+-------
